 Dungeon Crawl Stone Soup version 0.18.1-8-gdd0e5ea (webtiles) character file.

1915 Gargoyl the Protected (level 8, -5/62 HPs)
             Began as a Demonspawn Abyssal Knight on June 11, 2016.
             Was an Elder of Lugonu.
             Slain by an orc warrior
             ... wielding a +1 long sword of protection
              (9 damage)
             ... on level 6 of the Dungeon.
             The game lasted 00:10:07 (5402 turns).

Gargoyl the Protected (Demonspawn Abyssal Knight)   Turns: 5402, Time: 00:10:08

Health: -5/62      AC: 10    Str: 15    XL:     8   Next: 95%
Magic:  9/9        EV:  7    Int: 13    God:    Lugonu [****..]
Gold:   341        SH:  0    Dex: 13    Spells: 0 memorised, 7 levels left

rFire  . . .     SeeInvis .     s - +0 hand axe (venom)
rCold  . . .     Gourm    +     e - +0 chain mail
rNeg   . . .     Faith    .     (no shield)
rPois  .         Spirit   .     (no helmet)
rElec  .         Dismiss  .     (no cloak)
rCorr  .         Reflect  .     (no gloves)
SustAt .         Harm     .     (no boots)
MR     .....                    d - amulet of the gourmand
Stlth  ..........               (no ring)
                                (no ring)

@: drained, not resistant to hostile enchantments, extremely unstealthy
A: hooves 1, spiny 2, rot immunity
a: Depart the Abyss, Bend Space, Banish, Corrupt, Renounce Religion


You were on level 6 of the Dungeon.
You worshipped Lugonu.
Lugonu was greatly pleased with you.
You were full.

You visited 1 branch of the dungeon, and saw 6 of its levels.
You visited the Abyss 1 time.

You collected 380 gold pieces.
You spent 39 gold pieces at shops.

Inventory:

Hand Weapons
 s - a +0 hand axe of venom (weapon)
Missiles
 k - 13 tomahawks (quivered)
Armour
 e - a +0 chain mail (worn)
Jewellery
 d - an amulet of the gourmand (around neck)
 h - an uncursed ring of wizardry {unknown}
 w - a +4 ring of dexterity {unknown}
Wands
 v - a wand of confusion (33/48)
Scrolls
 b - a scroll of enchant armour {unknown}
 g - a scroll of blinking {unknown}
 i - 8 scrolls of identify {unknown}
 j - 3 scrolls of recharging {unknown}
 l - 2 scrolls of remove curse {unknown}
 m - 2 scrolls of noise {unknown}
 o - a scroll of fog {unknown}
 p - 5 scrolls of teleportation
 t - a scroll of enchant weapon {unknown}
Potions
 a - 2 potions of agility
 r - a potion of heal wounds {unknown}
 u - 3 potions of mutation {unknown}
 x - a potion of beneficial mutation {unknown}
 z - a potion of cure mutation {unknown}
Comestibles
 c - 7 bread rations
 f - 4 slices of pizza
 q - 2 meat rations
 A - a beef jerky


   Skills:
 + Level 5.1(4.4) Fighting
 + Level 4.2(3.5) Axes
 + Level 0.5(0.0) Throwing
 * Level 8.7(7.9) Armour
 + Level 2.7(2.0) Dodging
 + Level 0.8(0.1) Stealth
 + Level 2.6(1.9) Invocations


You had 7 spell levels left.
You didn't know any spells.

Dungeon Overview and Level Annotations

Branches:
Dungeon (6/15)             Temple (0/1) D:5

Altars:
Nemelex Xobeh
Xom
The Shining One

Shops:
D:4 *


Innate Abilities, Weirdness & Mutations

You have large cloven feet.
You are mostly covered in sharp spines.
You are immune to rotting.


Message History

The orc is lightly wounded.
You closely miss the crimson imp.
The orc priest calls upon Beogh to heal the orc warrior.
The orc warrior is healed somewhat.
The orc warrior is struck by your spines.
The orc warrior hits you with a long sword of protection!
* * * LOW HITPOINT WARNING * * *
The crimson imp is struck by your spines.
The crimson imp completely misses you. The orc hits you but does no damage. x2
You feel drained.
Drink which item? (? for menu, Esc to quit)
You feel better.
The orc priest invokes the aid of Beogh against you.
Beogh smites you!
* * * LOW HITPOINT WARNING * * *
The crimson imp barely misses you.
The orc hits you from afar with a trident.
* * * LOW HITPOINT WARNING * * *
The orc warrior hits you with a long sword of protection!
You die...

......####..##
#..... .....##
##..## #......
######
###.###.......
#..#........
##...†......
##.........
##.)........
##.oo)o......
#..o5@.......
.......oo......
...............
...............
...............
...............
..........>...#
..............#


You could see an orc warrior, an orc priest, a crimson imp and 4 orcs.

Vanquished Creatures
  Pikel (D:6)
  Grinder (D:3)
  A hungry ghost (D:4)
  Duvessa (D:5)
  3 slaves
  An ogre (D:4)
  A phantom (D:5)
  A necrophage (D:6)
  2 centaurs (D:6)
  Dowan (D:5)
  A scorpion (D:5)
  A howler monkey (D:6)
  A giant frog zombie (D:5)
  A hound (D:6)
  2 orc priests
  A jelly (D:5)
  An orc wizard (D:5)
  Jessica (D:3)
  4 worker ants (D:5)
  4 gnolls (D:5)
  3 adders
  A shadow imp (D:5)
  An adder skeleton (D:4)
  3 worms
  A dart slug (D:1)
  4 giant geckos
  18 orcs
  A ball python (D:3)
  3 giant cockroaches
  4 goblins
  10 hobgoblins
  14 jackals
  4 quokkas
  16 bats
  A giant cockroach zombie (D:5)
  6 giant newts
  A jackal skeleton (D:5)
  8 kobolds
  8 rats
137 creatures vanquished.

Notes
Turn   | Place    | Note
--------------------------------------------------------------
     0 | Abyss:1  | Gargoyl the Demonspawn Abyssal Knight began the quest for the Orb.
     0 | Abyss:1  | Reached XP level 1. HP: 18/18 MP: 2/2
    55 | Abyss:2  | Noticed a neqoxec
    58 | Abyss:2  | Noticed a quasit
    86 | Abyss:3  | Noticed a mana viper
    95 | D:1      | Escaped the Abyss
   385 | D:1      | Reached skill level 2 in Armour
   385 | D:1      | Gained mutation: You have large cloven feet. [demonic ancestry]
   385 | D:1      | Reached XP level 2. HP: 24/24 MP: 3/3
   433 | D:1      | Reached * piety under Lugonu
   507 | D:1      | Found a sparkling altar of Nemelex Xobeh.
   923 | D:1      | Reached skill level 1 in Dodging
   989 | D:1      | Gained mutation: You are partially covered in sharp spines. [demonic ancestry]
   989 | D:1      | Reached XP level 3. HP: 28/29 MP: 4/4
  1148 | D:2      | Reached ** piety under Lugonu
  1494 | D:2      | Gained mutation: You are immune to rotting. [demonic ancestry]
  1494 | D:2      | Reached XP level 4. HP: 36/36 MP: 5/5
  1832 | D:3      | Reached skill level 3 in Armour
  2057 | D:3      | Found a shimmering altar of Xom.
  2139 | D:3      | Noticed Jessica
  2147 | D:3      | Killed Jessica
  2200 | D:3      | Noticed Grinder
  2228 | D:3      | Paralysed by Grinder for 6 turns
  2232 | D:3      | Killed Grinder
  2232 | D:3      | Reached skill level 4 in Armour
  2232 | D:3      | Gained mutation: You are mostly covered in sharp spines. [demonic ancestry]
  2232 | D:3      | Reached XP level 5. HP: 6/42 MP: 6/6
  2232 | D:3      | Reached XP level 6. HP: 7/48 MP: 7/7
  2543 | D:3      | Found a glowing golden altar of the Shining One.
  2758 | D:3      | Reached *** piety under Lugonu
  3529 | D:4      | Found Nics's General Store.
  3532 | D:4      | Bought a scroll of teleportation for 39 gold pieces
  3614 | D:4      | Noticed a hungry ghost
  3620 | D:4      | Killed a hungry ghost
  3620 | D:4      | Reached skill level 5 in Armour
  3620 | D:4      | Reached XP level 7. HP: 54/55 MP: 8/8
  3800 | D:5      | Entered Level 5 of the Dungeon
  4069 | D:5      | Noticed Dowan
  4078 | D:5      | Killed Dowan
  4084 | D:5      | Noticed Duvessa
  4087 | D:5      | Reached skill level 6 in Armour
  4094 | D:5      | Killed Duvessa
  4345 | D:5      | Reached **** piety under Lugonu
  4345 | D:5      | Reached XP level 8. HP: 61/61 MP: 9/9
  4542 | D:5      | Reached skill level 7 in Armour
  5008 | D:5      | Found a staircase to the Ecumenical Temple.
  5068 | D:6      | Noticed Pikel
  5143 | D:6      | Killed Pikel
  5143 | D:6      | Reached skill level 5 in Fighting
  5143 | D:6      | Reached skill level 8 in Armour
  5402 | D:6      | Slain by an orc warrior

Skill      XL: |  1  2  3  4  5  6  7  8 |
---------------+-------------------------+-----
Axes           | 2 3 4 |  4.2
Armour         | 2 4 5 6 8 |  8.7
Dodging        | 1 2 |  2.7
Fighting       | 4 5 |  5.1
Throwing       | |  0.5
Stealth        | |  0.8
Invocations    | |  2.6

Action                   |  1- 3 |  4- 6 |  7- 9 || total
-------------------------+-------+-------+-------++-------
Melee: Hand axe          |   134 |    67 |   102 ||   303
       Kick              |    28 |    22 |    27 ||    77
Throw: Tomahawk          |       |     3 |       ||     3
Invok: Depart the Abyss  |     1 |       |       ||     1
  Use: Potion            |       |     3 |     1 ||     4
  Eat: Chunk             |     4 |     7 |    12 ||    23
Armor: Chain mail        |    97 |    33 |    57 ||   187
Dodge: Dodged            |    67 |    17 |    44 ||   128
